[Event "World Junior U20 Open 2018"]
[Site "Gebze"]
[Date "2018.09.13"]
[Round "9.71"]
[White "Kwon, Sehyun"]
[Black "Dedebas, Emre Emin"]
[Result "0-1"]
[ECO "C54"]
[WhiteElo "2129"]
[BlackElo "2334"]
[Annotator "NA"]
[PlyCount "74"]
[EventDate "2018.09.05"]
[EventType "swiss"]
[EventCountry "TUR"]
[SourceTitle "playchess.com"]
[Source "ChessBase"]
[SourceQuality "1"]
[TimeControl "40/5400+30:1800+30"]

1. e4 e5 2. Nf3 Nc6 3. Bc4 Bc5 4. d3 Nf6 5. O-O d6 6. c3 h6 7. Re1 O-O {[%emt 0:01:30] C54: Giuoco Piano: 4 c3 Nf6, main lines with 5 d4 and 5 d3} 8. Nbd2 a5 9. Nf1 Be6 (9... Bb6 10. Be3 Bxe3 11. Nxe3 Be6 12. Bb5 Ne7 13. Ba4 Ng6 14. Bc2 Re8 15. d4 {1-0 (54) Vachier Lagrave,M (2789)-Caruana,F (2816) Paris 2018}) 10. Bb5 Ne7 11. d4 exd4 12. cxd4 Bb4 13. Re2 a4 {[%emt 0:08:30] [#]} 14. Bd3 $146 a3 15. b3 Bc3 16. Rb1 Bg4 17. Bc2 Nc6 18. Be3 Nb4 19. Bd2 $17 Bxd2 20. Qxd2 c5 21. Bd3 Nc6 22. d5 Bxf3 23. gxf3 Nd4 24. Re3 Nh5 25. Ng3 Nf4 26. Kh1 Re8 27. Rg1 Re5 28. Ree1 Qh4 29. Nf5 Rxf5 30. Rg4 Nxf3 31. Rxh4 Nxd2 32. exf5 Nxd3 33. Ra4 Rxa4 34. Re8+ Kh7 35. bxa4 c4 36. Re3 Nb1 37. Re2 c3 0-1

[Event "World Junior U20 Open 2018"]
[Site "Gebze"]
[Date "2018.09.13"]
[Round "9.72"]
[White "Jogstad, Martin"]
[Black "Zrikem, Nassim"]
[Result "1-0"]
[ECO "E11"]
[WhiteElo "2305"]
[BlackElo "2066"]
[Annotator "NA"]
[PlyCount "61"]
[EventDate "2018.09.05"]
[EventType "swiss"]
[EventCountry "TUR"]
[SourceTitle "playchess.com"]
[Source "ChessBase"]
[SourceQuality "1"]
[TimeControl "40/5400+30:1800+30"]

1. d4 Nf6 2. c4 e6 3. g3 d5 4. Nf3 Bb4+ 5. Bd2 Be7 6. Bg2 O-O 7. O-O c6 8. Qc2 Nbd7 9. Rd1 b6 10. Nc3 Ba6 11. b3 Rc8 {[%emt 0:01:30] LiveBook: 21 Games} 12. Bc1 c5 13. Bb2 Qc7 14. cxd5 exd5 15. Rac1 Rfe8 16. dxc5 $16 Bxc5 17. e3 Rxe3 18. fxe3 Bxe3+ 19. Kh1 Ne4 20. Bf1 Bb7 21. Qe2 Nf2+ 22. Kg2 Nxd1 23. Nxd5 Qxc1 24. Bxc1 Rxc1 25. Nxe3 Ne5 26. Nd5 f6 27. Qb5 Nc6 28. Qd3 Kf8 29. Be2 Nb2 30. Qd2 Rc5 31. Nf4 1-0

[Event "World Junior U20 Open 2018"]
[Site "Gebze"]
[Date "2018.09.13"]
[Round "9.73"]
[White "De Block, Yordi"]
[Black "Taalaibekov, Tagir"]
[Result "0-1"]
[ECO "A90"]
[WhiteElo "2118"]
[BlackElo "2291"]
[Annotator "NA"]
[PlyCount "106"]
[EventDate "2018.09.05"]
[EventType "swiss"]
[EventCountry "TUR"]
[SourceTitle "playchess.com"]
[Source "ChessBase"]
[SourceQuality "1"]
[TimeControl "40/5400+30:1800+30"]

1. d4 e6 2. c4 f5 3. Nf3 Nf6 4. g3 d5 5. Bg2 c6 6. O-O Bd6 7. b3 O-O 8. Bb2 Bd7 {[%emt 0:00:00] A90: Dutch Defence: Miscellaneous and Modern Stonewall (with ...Bd6)} (8... b6 9. Nbd2 Bb7 10. Qc2 a5 11. Ne5 Na6 12. a3 Rc8 13. Ndf3 Ne4 14. Rad1 c5 15. dxc5 Naxc5 16. Nd3 Nxb3 17. Qxb3 dxc4 {½-½ (48) Tomilova,E (2309)-Charochkina,D (2366) Sochi 2016}) 9. Ne5 a5 $146 ({Predecessor:} 9... Be8 10. Nd2 Nbd7 11. Ndf3 Bh5 12. Qc2 Rc8 13. c5 Bb8 14. b4 Nxe5 15. dxe5 Ng4 16. h3 {1-0 (62) Moulain,J (2185)-Matoewi,R (2182) Dresden 2008}) 10. Nc3 Be8 11. Qd3 Ne4 12. cxd5 exd5 13. Nxe4 fxe4 14. Qd2 Nd7 15. f3 exf3 16. Rxf3 Nxe5 17. dxe5 Bc5+ 18. Bd4 Bxd4+ 19. Qxd4 Bh5 20. Rxf8+ Qxf8 21. Rf1 Qb4 22. Qe3 Re8 23. e6 Bg4 24. Rf4 Qe1+ 25. Bf1 Bxe6 $17 26. Qb6 g5 27. Rf2 Qb4 28. Qc7 Qd4 29. Qd6 Bf7 30. Qd7 Bg6 31. Bh3 Qe3 32. Qd6 Qe7 33. Qxe7 Rxe7 34. Kf1 Kg7 35. Ke1 Bb1 36. a3 Re3 37. Rf3 Rxf3 38. exf3 Ba2 39. b4 axb4 40. axb4 b6 41. Kd2 Kf6 42. Ke3 c5 43. bxc5 bxc5 44. Bd7 Bb1 45. Bb5 d4+ 46. Kd2 Ke5 47. Bc4 Bf5 48. Be2 Be6 49. Bd3 h6 50. h4 c4 51. hxg5 hxg5 52. Bc2 c3+ 53. Kc1 Bd5 0-1

[Event "World Junior U20 Open 2018"]
[Site "Gebze"]
[Date "2018.09.13"]
[Round "9.74"]
[White "Gulden, Egemen"]
[Black "Kara, Yanki"]
[Result "1/2-1/2"]
[ECO "B06"]
[WhiteElo "2068"]
[BlackElo "2262"]
[Annotator "NA"]
[PlyCount "51"]
[EventDate "2018.09.05"]
[EventType "swiss"]
[EventCountry "TUR"]
[SourceTitle "playchess.com"]
[Source "ChessBase"]
[SourceQuality "1"]
[TimeControl "40/5400+30:1800+30"]

1. e4 g6 2. d4 Bg7 3. Nc3 d6 4. f4 a6 5. a4 Nc6 {[%emt 0:00:00] B06: Modern Defence} 6. Nf3 Bg4 7. Be3 Bxf3 8. gxf3 d5 9. e5 e6 10. h4 h5 11. Ne2 $146 ({Predecessor:} 11. Qd2 Nh6 12. Bd3 Bf8 13. Na2 {0-1 (34) Barskij,A-Hillarp Persson,T (2438) Recklinghausen 2001}) 11... Bf8 12. f5 exf5 13. Nf4 Bh6 14. Qd2 Bxf4 15. Bxf4 Qd7 16. Be3 Nd8 17. b3 Ne6 18. Be2 Ne7 19. c3 Rc8 $15 20. b4 Rd8 21. Bd3 Nc8 22. Kf2 Ne7 23. Be2 Nc8 24. Bd3 Ne7 25. Be2 Nc8 26. Bd3 1/2-1/2

[Event "World Junior U20 Open 2018"]
[Site "Gebze"]
[Date "2018.09.13"]
[Round "9.75"]
[White "Dionizio, Andre Filipe Nascim"]
[Black "Tuna, Alp"]
[Result "0-1"]
[ECO "B10"]
[WhiteElo "2010"]
[BlackElo "2253"]
[Annotator "NA"]
[PlyCount "66"]
[EventDate "2018.09.05"]
[EventType "swiss"]
[EventCountry "TUR"]
[SourceTitle "playchess.com"]
[Source "ChessBase"]
[SourceQuality "1"]
[TimeControl "40/5400+30:1800+30"]

1. e4 c6 2. d3 d5 3. Nd2 e5 4. Ngf3 Bd6 5. d4 exd4 6. exd5 cxd5 7. Nxd4 Nc6 8. N2f3 {[%emt 0:00:30] B10: Caro-Kann: 2 d3 and 2 c4} Nf6 9. Be2 O-O (9... h6 10. O-O O-O 11. h3 Re8 12. c3 a6 13. Re1 Bd7 14. Bd2 Qc7 15. Bf1 Ne4 16. Be3 Rad8 17. Nxc6 bxc6 18. Bxa6 {1-0 (35) Smirin,I (2652)-Sasikiran,K (2682) Tsaghkadzor 2015}) 10. O-O Re8 11. Bg5 h6 $146 ({Predecessor:} 11... Nxd4 12. Nxd4 h6 13. Be3 Bd7 14. Nb5 Be5 15. c3 Qa5 16. Nd4 Ba4 17. Qd3 Rac8 18. Nf5 Bd7 19. Rfe1 Bxf5 20. Qxf5 d4 21. cxd4 Bxh2+ {0-1 (21) Page,J-Evans,D England 2000}) 12. Bh4 g5 13. Bg3 Ne4 14. c4 Nxg3 15. hxg3 Nxd4 16. Nxd4 Be5 17. Nf3 Bxb2 18. Rb1 Bg7 19. cxd5 Qd6 20. Bc4 b6 21. Qd3 Bd7 22. Nd2 Qe5 $15 23. Rfe1 Qxe1+ 24. Rxe1 Rxe1+ 25. Kh2 Rae8 26. Qa3 b5 27. Bd3 Rd1 28. Ne4 g4 29. Bc2 Rxd5 30. Qxa7 Bf5 31. f3 Bxe4 32. Bxe4 Bd4 33. Bh7+ Kg7 0-1

[Event "World Junior U20 Open 2018"]
[Site "Gebze"]
[Date "2018.09.13"]
[Round "9.76"]
[White "Kilic, Gokturk Kagan"]
[Black "Tarlabasi, Emirhan"]
[Result "0-1"]
[ECO "C17"]
[WhiteElo "1910"]
[BlackElo "2193"]
[Annotator "NA"]
[PlyCount "88"]
[EventDate "2018.09.05"]
[EventType "swiss"]
[EventCountry "TUR"]
[SourceTitle "playchess.com"]
[Source "ChessBase"]
[SourceQuality "1"]
[TimeControl "40/5400+30:1800+30"]

1. e4 e6 2. d4 d5 3. Nc3 Bb4 4. e5 c5 5. Bd2 Ne7 6. Nb5 Bxd2+ 7. Qxd2 O-O 8. f4 b6 9. Nf3 Ba6 10. c3 Qd7 $11 11. Nd6 Bxf1 12. Rxf1 Nbc6 13. Kf2 f5 14. Kg1 c4 15. Qf2 Nc8 16. Nxc8 Rfxc8 17. Qh4 Ne7 18. g4 Rf8 19. g5 g6 20. Qf2 b5 21. h4 Kg7 22. Qh2 Rh8 23. h5 a5 24. Kg2 b4 25. Kg3 Rab8 26. Rh1 Qa4 27. cxb4 Qxb4 28. Rab1 a4 29. Qc2 Kf7 30. Qh2 Rhg8 31. Qc2 Ke8 32. Rh2 Kd7 33. Rhh1 Rgc8 34. hxg6 hxg6 35. Rh7 a3 36. Nh4 Rg8 37. b3 cxb3 38. Rxb3 Qe1+ 39. Kg2 Rgc8 40. Qd3 Rxb3 41. axb3 Qa5 42. b4 Qxb4 43. Qa6 Rc2+ 44. Kg3 Qe1+ 0-1

[Event "World Junior U20 Open 2018"]
[Site "Gebze"]
[Date "2018.09.13"]
[Round "9.77"]
[White "Piyumantha, M Sasith Nipun"]
[Black "Baylav, Can"]
[Result "1-0"]
[ECO "E60"]
[WhiteElo "2139"]
[BlackElo "2026"]
[Annotator "NA"]
[PlyCount "57"]
[EventDate "2018.09.05"]
[EventType "swiss"]
[EventCountry "TUR"]
[SourceTitle "playchess.com"]
[Source "ChessBase"]
[SourceQuality "1"]
[TimeControl "40/5400+30:1800+30"]

1. d4 Nf6 2. c4 g6 3. f3 e5 4. dxe5 Nh5 5. Nh3 Nc6 6. Bg5 Be7 7. Bxe7 Qxe7 8. Nc3 Qxe5 9. g4 Nf6 10. Qd2 O-O 11. O-O-O d6 12. e4 Qa5 13. Be2 Kg7 14. Nf4 a6 $18 15. h4 Ne5 16. h5 b5 17. Nfd5 Ng8 18. Qf4 f6 19. g5 fxg5 20. h6+ Nxh6 21. Qxg5 Ng8 22. f4 Nf7 23. Qg1 c5 24. f5 g5 25. Qh2 h6 26. Qh5 Ne5 27. f6+ Kh7 28. Qxg5 Ra7 29. Rxh6+ 1-0

[Event "World Junior U20 Open 2018"]
[Site "Gebze"]
[Date "2018.09.13"]
[Round "9.78"]
[White "Lin, Peisen"]
[Black "Cansun, Can Alp"]
[Result "0-1"]
[ECO "B48"]
[WhiteElo "2034"]
[BlackElo "2110"]
[Annotator "NA"]
[PlyCount "108"]
[EventDate "2018.09.05"]
[EventType "swiss"]
[EventCountry "TUR"]
[SourceTitle "playchess.com"]
[Source "ChessBase"]
[SourceQuality "1"]
[TimeControl "40/5400+30:1800+30"]

1. e4 c5 2. Nf3 e6 3. d4 cxd4 4. Nxd4 Nc6 5. Nc3 Qc7 6. Be3 a6 7. Qf3 {[%emt 0:00:00] B48: Sicilian: Taimanov: 5 Nc3 Qc7 6 Be3 a6 without Be2} Nf6 8. O-O-O Ne5 9. Qg3 b5 10. f4 Neg4 11. e5 Nxe3 12. Qxe3 b4 13. Ne4 Nxe4 14. Qxe4 Bb7 15. Qd3 {[%emt 0:00:30] [#]} Be7 $146 ({Predecessor:} 15... Bc5 16. Kb1 Rc8 17. Nb3 Be3 18. Na5 Bd5 {0-1 (18) Vachier Lagrave,M (2795)-Grischuk,A (2750) chess.com INT 2017}) 16. Qg3 g6 17. Bd3 Qb6 18. Nb3 a5 19. Nd2 a4 20. Nc4 Qc5 21. Kb1 a3 22. b3 Bd5 23. Rhe1 Rc8 24. Bf1 O-O 25. h4 d6 26. exd6 Bxd6 27. Rd2 Be7 28. Red1 Rfd8 29. Qe3 Bxh4 30. Qxc5 Rxc5 31. Ne3 Bg3 32. Rd4 Bf2 33. R4d3 Bxe3 34. Rxe3 Rdc8 35. Rd2 Rc3 36. Bd3 Bb7 37. g3 Rd8 38. Kc1 Kf8 39. Kd1 Ke7 40. Ke2 h5 41. Re5 Rd5 42. Rxd5 Bxd5 43. Ke3 Kd6 44. Kd4 Rc8 45. Re2 Rh8 46. Rh2 Re8 47. Re2 g5 48. Rh2 {[%emt 0:03:30] [#]} h4 $19 49. gxh4 gxf4 50. Be4 e5+ 51. Kd3 Bxe4+ 52. Kxe4 Ke6 53. h5 f5+ 54. Kf3 Rc8 0-1

[Event "World Junior U20 Open 2018"]
[Site "Gebze"]
[Date "2018.09.13"]
[Round "9.79"]
[White "Beukema, Christiaan"]
[Black "Ozturk, Efe Hakan"]
[Result "0-1"]
[ECO "D02"]
[WhiteElo "1904"]
[BlackElo "2065"]
[Annotator "NA"]
[PlyCount "52"]
[EventDate "2018.09.05"]
[EventType "swiss"]
[EventCountry "TUR"]
[SourceTitle "playchess.com"]
[Source "ChessBase"]
[SourceQuality "1"]
[TimeControl "40/5400+30:1800+30"]

1. d4 Nf6 2. Nf3 d5 3. Bf4 e6 4. e3 Bd6 5. Ne5 O-O 6. Bd3 c5 7. c3 Qc7 {[%emt 0:05:30] D02: 1 d4 d5 2 Nf3 sidelines, including 2...Nf6 3 g3 and 2...Nf6 3 Bf4} (7... Nc6 8. Bg3 Qc7 9. f4 b6 10. Nd2 Bb7 11. O-O Ne7 12. Bh4 Ne4 13. Bxe7 Qxe7 14. Nxe4 dxe4 15. Be2 Rac8 16. Qa4 a6 17. Qb3 Bc7 18. a4 Rb8 19. f5 Bxe5 20. dxe5 {1-0 (66) Kayumov,S (2505)-Salgado Lopez,I (2622) Dubai 2014}) 8. g4 Nfd7 $146 ({Predecessor:} 8... Nbd7 9. g5 Ne8 10. Nd2 g6 11. Ndf3 Ng7 12. h4 Nh5 13. Bh2 f5 14. gxf6 Ndxf6 15. Qc2 cxd4 16. exd4 {1-0 (28) Christensen,B (2256)-Skovgaard,T (1962) Helsingor 2013}) 9. g5 Nxe5 10. dxe5 Bxe5 11. Bxh7+ Kxh7 12. Qh5+ Kg8 13. g6 fxg6 14. Qxe5 Qxe5 15. Bxe5 Rf5 16. Bd6 Nd7 17. Rg1 Kf7 18. Nd2 e5 19. e4 Rf6 20. Bc7 Rc6 21. Bd8 d4 22. Nf3 b5 23. Rg5 Bb7 24. Ba5 Re8 25. Kd2 Rf6 $19 26. Ke2 Bxe4 0-1

[Event "World Junior U20 Open 2018"]
[Site "Gebze"]
[Date "2018.09.13"]
[Round "9.80"]
[White "Rajic, Ivan"]
[Black "Yaran, Siar"]
[Result "0-1"]
[ECO "B29"]
[WhiteElo "2021"]
[BlackElo "2271"]
[Annotator "NA"]
[PlyCount "98"]
[EventDate "2018.09.05"]
[EventType "swiss"]
[EventCountry "TUR"]
[SourceTitle "playchess.com"]
[Source "ChessBase"]
[SourceQuality "1"]
[TimeControl "40/5400+30:1800+30"]

1. e4 c5 2. Nf3 Nf6 3. e5 Nd5 4. g3 Nc6 5. Bg2 e6 {[%emt 0:00:00] B29: Sicilian: 2 Nf3 Nf6 (Nimzowitsch Variation)} 6. O-O Qc7 (6... d6 7. exd6 Bxd6 8. d4 O-O 9. c4 Nb6 10. dxc5 Bxc5 11. Qe2 e5 12. Nc3 Bg4 13. Be3 Bxe3 14. fxe3 Qe7 15. h3 {1-0 (56) Gharamian,T (2626)-Vocaturo,D (2600) Bastia 2016}) 7. Re1 h6 $146 ({Predecessor:} 7... d6 8. exd6 Bxd6 9. Na3 Be7 10. d4 cxd4 11. Nb5 Qb6 12. Nfxd4 O-O 13. c4 Nxd4 14. Nxd4 {1-0 (49) Hendriks,W (2420)-Kuling,L (2218) Dieren 2007}) 8. c3 b6 9. d4 cxd4 10. cxd4 Bb7 11. a3 Be7 12. Nbd2 Rc8 13. Ne4 O-O 14. Bd2 Qb8 15. Rc1 Qa8 16. b4 f5 17. Nd6 Bxd6 18. exd6 Qb8 19. Ne5 Nxe5 20. dxe5 Rxc1 21. Bxc1 Nc3 22. Qh5 Bxg2 23. Kxg2 Kh7 24. Bd2 Qb7+ 25. Kg1 {[%emt 0:05:30] [#]} (25. Qf3 $142 Ne4 26. Bc3) 25... Nd5 $2 (25... Nb5 $1 $17 26. Be3 Nxa3) 26. Rc1 Qa6 27. Qf3 Rc8 28. Rxc8 Qxc8 29. Qd3 g6 30. h3 Kg7 31. h4 a6 32. a4 h5 33. f3 Kf7 34. g4 Ke8 35. gxh5 gxh5 36. Qe2 Kf7 37. Qg2 $17 (37. Qd3 $11 {keeps the balance.}) 37... f4 38. Qg5 Qg8 39. Qxg8+ Kxg8 40. Kf2 Kf7 41. Ke2 Kg6 42. Kd3 Kf5 43. Kd4 Ne3 44. a5 bxa5 45. bxa5 Ng2 46. Kc5 Nxh4 47. Kb6 Nxf3 48. Kxa6 Nxd2 49. Kb5 f3 0-1

[Event "World Junior U20 Open 2018"]
[Site "Gebze"]
[Date "2018.09.13"]
[Round "9.81"]
[White "Maltezeanu, Stefan"]
[Black "Helander, Benjamin"]
[Result "1-0"]
[ECO "B19"]
[WhiteElo "2089"]
[BlackElo "1994"]
[Annotator "NA"]
[PlyCount "75"]
[EventDate "2018.09.05"]
[EventType "swiss"]
[EventCountry "TUR"]
[SourceTitle "playchess.com"]
[Source "ChessBase"]
[SourceQuality "1"]
[TimeControl "40/5400+30:1800+30"]

1. e4 c6 2. d4 d5 3. Nc3 dxe4 4. Nxe4 Bf5 {[%emt 0:00:00] LiveBook: 12992 Games} 5. Ng3 Bg6 6. h4 h6 7. Nf3 Nd7 8. h5 Bh7 9. Bd3 Bxd3 10. Qxd3 e6 11. Bd2 Ngf6 12. O-O-O Be7 13. Kb1 Qb6 {[%emt 0:04:00] B19: Classical Caro-Kann: 4...Bf5 main line} (13... O-O 14. Ne4 c5 15. g4 Nxg4 16. Qe2 Qb6 17. Ne5 Ndxe5 18. dxe5 f5 19. exf6 Nxf6 20. Nc3 Rad8 21. Rhg1 Kh8 22. Rg6 {½-½ (38) Saric,I (2662)-Nisipeanu,L (2672) Heraklio 2017}) 14. Ne4 Nxe4 15. Qxe4 Nf6 16. Qe2 O-O-O 17. c4 Kb8 $146 ({Predecessor:} 17... c5 18. Bc3 cxd4 19. Bxd4 Qa5 20. Ne5 Rhf8 21. g4 {1-0 (55) Georgiev,N (1574)-Dimitrov,D (2015) Ruse 2017}) 18. Bc3 Bb4 19. Bxb4 Qxb4 20. Ne5 Qe7 21. Rh3 Rd6 22. Rg3 Rg8 23. Rb3 Ka8 24. Rbd3 Rgd8 25. Qf3 Rf8 26. g4 Nd7 27. c5 Rd5 28. Nc4 f5 $2 (28... g6 $11 {and Black is okay.}) 29. g5 hxg5 30. Ne3 g4 31. Nxd5 exd5 32. Qf4 Qe4 33. Qd6 Rf7 {[%emt 0:00:30] [#]} 34. Qg6 $1 Re7 35. a3 Nf6 36. h6 f4 37. Qg5 $18 Nh7 38. hxg7 1-0

[Event "World Junior U20 Open 2018"]
[Site "Gebze"]
[Date "2018.09.13"]
[Round "9.82"]
[White "Nurgaliyev, Sauat"]
[Black "Fleri, Matthew"]
[Result "1/2-1/2"]
[ECO "A06"]
[WhiteElo "1685"]
[BlackElo "1625"]
[Annotator "NA"]
[PlyCount "114"]
[EventDate "2018.09.05"]
[EventType "swiss"]
[EventCountry "TUR"]
[SourceTitle "playchess.com"]
[Source "ChessBase"]
[SourceQuality "1"]
[TimeControl "40/5400+30:1800+30"]

1. b3 d5 2. Bb2 Nf6 3. e3 c5 4. Nf3 Nc6 5. Be2 e6 6. O-O Bd6 7. d4 O-O 8. h3 h6 9. Re1 b6 10. c3 Bb7 11. Nbd2 Re8 12. c4 Rc8 13. Bd3 Nb4 14. Bb1 Nc6 15. e4 Bf4 16. exd5 exd5 17. Rxe8+ Qxe8 18. dxc5 bxc5 19. Bxf6 gxf6 20. cxd5 Ne5 21. Bf5 Rd8 22. Ne4 Nxf3+ 23. Qxf3 Qe5 24. Qg4+ Kf8 25. Rf1 Rxd5 26. Bh7 Rd4 27. f3 h5 28. Qf5 Qxf5 29. Bxf5 Bxe4 30. Bxe4 Rd2 31. a4 Rb2 32. Rb1 Rxb1+ 33. Bxb1 Ke7 34. Kf2 Kd6 35. Ke2 Ke5 36. Kd3 Kd5 37. Ba2 Ke5 38. Kc4 Be3 39. b4 cxb4 40. Kxb4 Bd2+ 41. Kb5 h4 42. Bxf7 Kf4 43. Kc4 Kg5 44. Kd3 Bf4 45. Be6 Be5 46. Ke4 Bf4 47. Bf5 Be5 48. Bg4 Bf4 49. Bc8 Be5 50. a5 Bf4 51. a6 Be5 52. Bg4 Bf4 53. Bf5 Be5 54. Bg4 Bf4 55. Bf5 Be5 56. Bg4 Bf4 57. Bf5 Be5 1/2-1/2